 Dungeon Crawl Stone Soup version 0.20-a0-945-g3bf614a (webtiles) character file.

1820 rageheart7 the Carver (level 8, 0/84 HPs)
             Began as a Demonspawn Gladiator on Apr 1, 2017.
             Was a Believer of Makhleb.
             Slain by a centaur warrior (2 damage)
             ... on level 6 of the Dungeon on Apr 2, 2017.
             The game lasted 00:09:20 (4860 turns).

rageheart7 the Carver (Demonspawn Gladiator)        Turns: 4860, Time: 00:09:21

Health: 0/84       AC: 24    Str: 18    XL:     8   Next: 85%
Magic:  8/8        EV:  2    Int:  9    God:    Makhleb [**....]
Gold:   432        SH:  0    Dex: 16    Spells: 7/7 levels left

rFire    . . .     SeeInvis .   a - +0 long sword
rCold    . . .     Gourm    .   (no shield)
rNeg     + + +     Faith    .   (armour currently unavailable)
rPois    +         Spirit   .   (helmet currently unavailable)
rElec    .         Reflect  .   (cloak currently unavailable)
rCorr    .         Harm     .   (gloves currently unavailable)
MR       .....     NoTele   +   (boots currently unavailable)
Stlth    ++........             (no amulet)
Regen    0.3/turn               b - ring of stealth
MPRegen  0.2/turn               (no ring)

@: tree-form, very slightly contaminated, invisible
A: (slimy green scales 0), agile 1, mutation resistance 1, powered by death 1,
(spiny 0)
a: Minor Destruction, Renounce Religion


You were on level 6 of the Dungeon.
You worshipped Makhleb.
Makhleb was pleased with you.
You were hungry.
You were a tree.
You visited 1 branch of the dungeon, and saw 6 of its levels.

You collected 432 gold pieces.

Inventory:

Hand Weapons
 a - a +0 long sword (weapon)
Missiles
 d - 3 throwing nets (quivered)
Armour
 c - a +0 helmet (melded)
 l - a +0 ring mail (melded)
 o - a +0 pair of boots (melded)
 r - a +2 cloak of poison resistance (melded)
 t - the +3 plate armour "Ymmip" {*Drain rElec Regen+}
   (You found it on level 5 of the Dungeon)

   It insulates you from electricity.
   It increases your rate of regeneration.
   It causes draining when unequipped.
Jewellery
 b - a ring of stealth (left branch)
Wands
 v - a wand of digging (15/24)
Scrolls
 g - a scroll of fear
 i - 2 scrolls of teleportation
 j - 3 scrolls of remove curse
 m - a scroll of recharging
 n - 3 scrolls of identify
Potions
 e - a potion of flight
Books
 k - a book of Maledictions

   Spells                             Type                      Level
   a - Corona                         Hexes                        1
   b - Ensorcelled Hibernation        Hexes/Ice                    2
   c - Confuse                        Hexes                        3
   d - Tukima's Dance                 Hexes                        3
   e - Dazzling Spray                 Conjuration/Hexes            3
Comestibles
 f - 2 bread rations
 h - 2 meat rations
 q - 2 royal jellies


   Skills:
 - Level 2.0 Fighting
 * Level 10.8 Long Blades
 - Level 1.7 Throwing
 - Level 2.6 Dodging


You had 7 spell levels left.
You didn't know any spells.

Dungeon Overview and Level Annotations

Branches:
Dungeon (6/15)             Temple (0/1) D:5

Altars:
Cheibriados
Hepliaklqana
Makhleb
The Shining One


Innate Abilities, Weirdness & Mutations

((You are partially covered in slimy green scales. (AC +2)))
You regenerate a little health from kills.
((You are mostly covered in sharp spines.))
You are agile. (Dex +2)
You are somewhat resistant to further mutation.


Message History

* * * LOW HITPOINT WARNING * * *
The centaur warrior hits you but does no damage.
Okay, then.
It was a potion of invisibility.
You fade into invisibility!
The centaur warrior hits you but does no damage.
You are very lightly contaminated with residual magic.
All of the chunks of flesh in your inventory have rotted away.
You hit the centaur warrior.
The centaur warrior is severely wounded.
The centaur warrior hits you but does no damage.
You hit the centaur warrior.
The centaur warrior is severely wounded.
The centaur warrior barely misses you.
The centaur warrior hits you but does no damage.
Okay, then.
You hit the centaur warrior but do no damage.
The centaur warrior is severely wounded.
The centaur warrior hits you.
You die...

....... (.....# .# .#...##
.## #### ###.## ..# ...#
#.# # #.#####.?.# #.# #.##
#.#.......# #.#
#....##.#.......#
###.#########...†........#
...............c♣(....(..#
###.##############.......#
#...############.......#
###......#........##..>#
######...######## ..#
##### ##


You could see a centaur warrior.

Vanquished Creatures
  The ghost of dogface the Ducker, a novice OpFi (D:6)
  2 sky beasts
  An ice beast (D:6)
  2 ogres
  A centaur (D:6)
  2 bullfrogs (D:6)
  2 scorpions
  3 crimson imps (D:5)
  A howler monkey (D:5)
  2 bullfrog zombies (D:5)
  An orc priest (D:4)
  3 hounds
  A centaur skeleton (D:5)
  3 orc wizards
  A bullfrog skeleton (D:5)
  An iguana (D:4)
  2 worker ants
  A hound skeleton (D:4)
  A worker ant zombie (D:5)
  Robin (D:4)
  2 howler monkey skeletons
  8 adders
  A shadow imp (D:6)
  An ooze (D:3)
  An adder zombie (D:1)
  2 worms (D:3)
  2 dart slugs (D:2)
  6 leopard geckos
  16 orcs
  A ball python (D:3)
  6 giant cockroaches
  15 goblins
  7 hobgoblins
  4 jackals
  4 quokkas
  11 bats
  3 frilled lizards
  9 kobolds
  A leopard gecko zombie (D:1)
  9 rats
141 creatures vanquished.

Vanquished Creatures (others)
  A goblin (D:4)
1 creature vanquished.

Grand Total: 142 creatures vanquished

Notes
Turn   | Place    | Note
-------+----------+-------------------------------------------
     0 | D:1      | rageheart7 the Demonspawn Gladiator began the quest for the Orb.
     0 | D:1      | Reached XP level 1. HP: 16/16 MP: 1/1
    19 | D:1      | Reached skill level 3 in Long Blades
   106 | D:1      | Gained mutation: You are partially covered in sharp spines. [demonic ancestry]
   106 | D:1      | Reached XP level 2. HP: 22/22 MP: 2/2
   864 | D:2      | Reached XP level 3. HP: 24/27 MP: 3/3
   889 | D:2      | Found a burning altar of Makhleb.
   900 | D:2      | Became a worshipper of Makhleb the Destroyer
   905 | D:2      | Found a faded altar of an unknown god.
   968 | D:2      | Reached skill level 4 in Long Blades
  1102 | D:2      | Reached XP level 4. HP: 30/33 MP: 4/4
  1684 | D:3      | Reached * piety under Makhleb
  1741 | D:3      | Reached skill level 5 in Long Blades
  2299 | D:3      | Gained mutation: You are partially covered in slimy green scales. (AC +2) [demonic ancestry]
  2299 | D:3      | Reached XP level 5. HP: 35/38 MP: 5/5
  2354 | D:4      | Found a hazy altar of Hepliaklqana.
  2356 | D:4      | Noticed Robin
  2367 | D:4      | Killed Robin
  2583 | D:4      | Noticed an ogre
  2587 | D:4      | Reached ** piety under Makhleb
  3023 | D:4      | Reached skill level 6 in Long Blades
  3025 | D:4      | Reached XP level 6. HP: 22/44 MP: 6/6
  3403 | D:4      | Reached skill level 7 in Long Blades
  3647 | D:4      | Gained mutation: You are mostly covered in sharp spines. [demonic ancestry]
  3647 | D:4      | Reached XP level 7. HP: 45/50 MP: 7/7
  3713 | D:5      | Entered Level 5 of the Dungeon
  3749 | D:5      | Gained mutation: You are agile. (Dex +2) [potion of mutation]
  3749 | D:5      | Gained mutation: You are somewhat resistant to further mutation. [potion of mutation]
  3915 | D:5      | Reached skill level 8 in Long Blades
  4000 | D:5      | Found a snail-covered altar of Cheibriados.
  4121 | D:5      | Found a staircase to the Ecumenical Temple.
  4364 | D:5      | Got a twisted plate armour
  4551 | D:5      | Identified the +3 plate armour "Ymmip" {*Drain rElec Regen+} (You found it on level 5 of the Dungeon)
  4567 | D:6      | Found a glowing golden altar of the Shining One.
  4579 | D:6      | Reached skill level 9 in Long Blades
  4579 | D:6      | Gained mutation: You regenerate a little health from kills. [demonic ancestry]
  4579 | D:6      | Reached XP level 8. HP: 50/56 MP: 8/8
  4598 | D:6      | Noticed dogface's ghost (novice OpFi)
  4769 | D:6      | Reached skill level 10 in Long Blades
  4785 | D:6      | Killed dogface's ghost
  4837 | D:6      | Noticed a centaur warrior
  4856 | D:6      | HP: 1/84 [centaur warrior (9)]
  4860 | D:6      | Slain by a centaur warrior

Vault maps used:
D:1:      saegor_arrival_fortress
D:2:      lemuel_round_altar, chequers_ecumenical_altar_simple
D:4:      kennysheep_mini, first_bread, hangedman_glass_teeth,
          hangedman_feature_mirror, uniq_robin
D:5:      temple_hall, basic_altar, st_stairs_12
D:6:      lemuel_crystal_altar, grunt_dithmenos_shadows

Skill      XL: |  1  2  3  4  5  6  7  8 |
---------------+-------------------------+-----
Long Blades    | 3 4 5 6 7 9 10 | 10.8
Fighting       | |  2.0
Throwing       | |  1.7
Dodging        | |  2.6

Action                   |  1- 3 |  4- 6 |  7- 9 || total
-------------------------+-------+-------+-------++-------
Melee: Long sword        |    67 |   136 |   140 ||   343
  Use: Scroll            |     4 |     3 |     6 ||    13
       Potion            |       |     5 |     4 ||     9
 Stab: Sleeping          |     1 |       |       ||     1
  Eat: Chunk             |     1 |     4 |     3 ||     8
       Bread ration      |       |     1 |       ||     1
Armor: Leather armour    |     6 |       |       ||     6
       Ring mail         |    22 |    47 |    63 ||   132
       Skin              |       |       |    11 ||    11
Dodge: Dodged            |    40 |    81 |    68 ||   189
       Rpst.: Long sword |    18 |    27 |    26 ||    71
